 Dungeon Crawl Stone Soup version 0.20-a0-839-gdaf5c57 (webtiles) character file.

41 Dfrag the Firebug (level 3, -1/28 HPs)
             Began as a Naga Fire Elementalist on Mar 8, 2017.
             Was an Initiate of Okawaru.
             Slain by a gnoll
             ... wielding a +0 spear
              (8 damage)
             ... on level 2 of the Dungeon.
             The game lasted 00:01:28 (525 turns).

Dfrag the Firebug (Naga Fire Elementalist)           Turns: 525, Time: 00:01:28

Health: -1/28      AC:  2    Str: 10    XL:     3   Next: 52%
Magic:  3/6        EV: 10    Int: 16    God:    Okawaru [......]
Gold:   23         SH:  0    Dex: 11    Spells: 3/7 levels left

rFire    . . .     SeeInvis +   h - +0 mace
rCold    . . .     Gourm    .   a - +0 robe
rNeg     . . .     Faith    .   (no shield)
rPois    +         Spirit   .   (no helmet)
rElec    .         Reflect  .   (no cloak)
rCorr    .         Harm     .   (no gloves)
MR       .....                  (no barding)
Stlth    ++........             (no amulet)
Regen    0.1/turn               (no ring)
MPRegen  0.1/turn               (no ring)

@: very slightly contaminated, very slow
A: see invisible, deformed body, poison resistance, slowness 2, slow metabolism
1, spit poison 1, AC +1
a: Spit Poison, Renounce Religion


You were on level 2 of the Dungeon.
You worshipped Okawaru.
Okawaru was noncommittal.
You were not hungry.

You visited 1 branch of the dungeon, and saw 2 of its levels.

You collected 23 gold pieces.

Inventory:

Hand Weapons
 h - a +0 mace (weapon)
Armour
 a - a +0 robe (worn)
Scrolls
 d - 2 scrolls of blinking {unknown}
 f - a scroll of random uselessness {unknown}
 g - a scroll of magic mapping {unknown}
 j - 2 scrolls of identify {unknown}
Potions
 e - 2 potions of brilliance {unknown}
Books
 b - a book of Flames

   Spells                             Type                      Level
   a - Flame Tongue                   Conjuration/Fire             1
   b - Throw Flame                    Conjuration/Fire             2
   c - Conjure Flame                  Conjuration/Fire             3
   d - Inner Flame                    Hexes/Fire                   3
   e - Sticky Flame                   Conjuration/Fire             4
   f - Fireball                       Conjuration/Fire             5
Comestibles
 c - a bread ration
 i - a fruit
 k - a chunk of flesh


   Skills:
 - Level 1.5 Dodging
 - Level 3.0 Stealth
 + Level 2.6 Spellcasting
 + Level 1.7 Conjurations
 + Level 3.6 Fire Magic


You had 3 spell levels left.
You knew the following spells:

 Your Spells              Type           Power        Failure   Level  Hunger
a - Flame Tongue          Conj/Fire      ##...        10%         1    #......
b - Conjure Flame         Conj/Fire      ##......     21%         3    ###....


Dungeon Overview and Level Annotations

Branches:
Dungeon (2/15)

Altars:
Okawaru


Innate Abilities, Weirdness & Mutations

You cannot wear boots.
Your serpentine skin is tough. (AC +1)
You have supernaturally acute eyesight. (SInv)
Armour fits poorly on your strangely shaped body.
Your system is resistant to poisons. (rPois)
You cover ground very slowly.
You have a slow metabolism.
You can spit poison.


Message History

You see here a chunk of flesh.
k - a chunk of flesh A gnoll comes into view.
It is wielding a spear.
There is a stone staircase leading up here.
Press: ? - help, Shift-Dir - straight line, f - gnoll
Aim: a gnoll, wielding a halberd The splash of poison hits the gnoll.
The gnoll is poisoned.
The gnoll is lightly wounded.
You feel slightly more hungry.
The gnoll shouts!
Unknown command.
The gnoll hits you but does no damage. The gnoll hits you with a halberd!
The gnoll barely misses you. The gnoll hits you with a halberd!
* * * LOW HITPOINT WARNING * * *
There is a stone staircase leading up here.
You have got your breath back.
The gnoll looks more healthy.
The gnoll hits you from afar with a spear!
You die...

###.#.## ..
...?..# 8.8g8.
##....# gg ....
#.....##.##.#.##
#......g.....
#...# ...#
#.>.####...#
##..g......#
#.#@.g....#
#.####.#..# #.
.# # #. ## #. ##


You could see 2 gnolls.

Vanquished Creatures
  A worm (D:2)
  3 dart slugs (D:1)
  A ball python (D:1)
  9 bats (D:1)
  3 giant cockroaches (D:1)
  4 goblins (D:1)
  A quokka (D:1)
  4 kobolds (D:1)
  3 rats (D:1)
29 creatures vanquished.

Notes
Turn   | Place    | Note
-------+----------+-------------------------------------------
     0 | D:1      | Dfrag the Naga Fire Elementalist began the quest for the Orb.
     0 | D:1      | Reached XP level 1. HP: 15/15 MP: 3/3
    13 | D:1      | Reached XP level 2. HP: 8/22 MP: 0/5
    87 | D:1      | Found an iron altar of Okawaru.
   117 | D:1      | Became a worshipper of Warmaster Okawaru
   186 | D:1      | Reached XP level 3. HP: 4/28 MP: 0/6
   261 | D:1      | Learned a level 3 spell: Conjure Flame
   525 | D:2      | Slain by a gnoll

Vault maps used:
D:1:      dpeg_arrival_tiny_j, st_stairs_5, okawaru_ov_weapons_minmay
D:2:      marbit_many_paths, overflow_temple_1_default,
          kiku_gazebo_garden_becter, eat_drink_and_be_merry_uskayaw

Action                   || total
-------------------------++-------
Melee: Unarmed           ||     2
       Mace              ||     2
 Cast: Flame Tongue      ||    30
 Abil: Spit Poison       ||    15
Armor: Robe              ||    12
Dodge: Dodged            ||    20
